 Dungeon Crawl Stone Soup version 0.27.0 (webtiles) character file.

Game seed: 4524430265936245826

378835 inmateoo the Shatterer (level 22, -9/153 HPs)
             Began as a Gargoyle Gladiator on July 30, 2021.
             Was the Champion of Okawaru.
             Killed from afar by a deep elf annihilator (62 damage)
             ... with an iron shot
             ... on level 3 of the Elven Halls.
             The game lasted 01:17:26 (47119 turns).

inmateoo the Shatterer (Gargoyle Gladiator)        Turns: 47119, Time: 01:17:27

Health: -9/153     AC: 48    Str: 25    XL:     22   Next: 84%
Magic:  37/37      EV: 13    Int: 14    God:    Okawaru [******]
Gold:   1980       SH: 13    Dex: 15    Spells: 21/21 levels left

rFire    + + .     SeeInvis +   T - +8 morningstar "Nydgh" {drain, Int+4 SInv Stlth+}
rCold    + . .     Faith    .   f - +0 kite shield of the Devil's Advocate {Will+ Str+2}
rNeg     + + +     Spirit   .   A - +6 chain mail of Shielding {Regen+}
rPois    ∞         Reflect  .   q - +0 mask of the Dragon {Will+ Slay+3 SInv}
rElec    +         Harm     .   K - +2 cloak {rCorr}
rCorr    +         Rampage  .   M - +2 pair of gloves {Dex+3}
Will     +++..                  e - +1 pair of boots {Stlth+}
Stlth    ..........             G - amulet of regeneration
HPRegen  2.35/turn              t - ring of the Firefly {rElec rF+++ rN+++ Will- MP+9 Str-3}
MPRegen  0.25/turn              C - ring of Spontaneous Combustion {Ice Will+}

@: about to teleport, flying
A: sickness immunity, AC +16, big wings, negative energy resistance 1,
electricity resistance, torment resistance 1, petrification resistance
}: 2/15 runes: decaying, serpentine
a: Renounce Religion, Heroism, Finesse


You were on level 3 of the Elven Halls.
You worshipped Okawaru.
Okawaru was exalted by your worship.
You visited 8 branches of the dungeon, and saw 39 of its levels.
You also visited: Bailey and Gauntlet.

You collected 6703 gold pieces.
You spent 4723 gold pieces at shops.

Inventory:

Hand Weapons
 D - a +5 eveningstar of holy wrath
 T - the +8 morningstar "Nydgh" (weapon) {drain, Int+4 SInv Stlth+}
   (Okawaru gifted it to you on level 4 of the Snake Pit)

   A truly terrible weapon, it drains the life of any living foe it strikes.
   Int:       It affects your intelligence (+4).
   SInv:      It lets you see invisible.
   Stlth:     It makes you more stealthy.
Missiles
 v - 5 throwing nets (quivered)
Armour
 e - a +1 pair of boots of stealth (worn)
 f - the +0 kite shield of the Devil's Advocate (worn) {Will+ Str+2}
   (You bought it in a shop on level 9 of the Dungeon)

   Str:       It affects your strength (+2).
   Will:      It increases your willpower.
 q - the +0 mask of the Dragon (worn) {Will+ Slay+3 SInv}
   (You found it on level 5 of the Lair of Beasts)

   Slay:      It affects your accuracy & damage with ranged weapons and melee
   (+3).
   SInv:      It lets you see invisible.
   Will:      It increases your willpower.
 A - the +6 chain mail of Shielding (worn) {Regen+}
   (You found it on level 2 of the Lair of Beasts)

   Regen:     It increases your rate of health regeneration.
 K - a +2 cloak of preservation (worn)
 M - a +2 pair of gloves of dexterity (worn)
Jewellery
 t - the ring of the Firefly (left hand) {rElec rF+++ rN+++ Will- MP+9 Str-3}
   (You found it on level 5 of the Dungeon)

   [ring of magical power]

   Str:       It affects your strength (-3).
   rF:        It renders you almost immune to fire.
   rElec:     It insulates you from electricity.
   rN:        It renders you almost immune to negative energy.
   MP:        It affects your magic capacity (+9).
   Will:      It decreases your willpower.
 u - a ring of willpower
 C - the ring of Spontaneous Combustion (right hand) {Ice Will+}
   (You found it on level 5 of the Lair of Beasts)

   [ring of ice]

   It enhances your ice magic.
   rF:        It makes you vulnerable to fire.
   rC:        It protects you from cold.
   Will:      It increases your willpower.
 G - an amulet of regeneration (around neck)
 U - the ring of Gemal {rElec rN+ rCorr Str+2}
   (You found it on level 3 of the Swamp)

   [ring of positive energy]

   Str:       It affects your strength (+2).
   rElec:     It insulates you from electricity.
   rN:        It protects you from negative energy.
   rCorr:     It protects you from acid and corrosion.
 W - an amulet of guardian spirit
Wands
 c - a wand of paralysis (27)
 g - a wand of acid (16)
 h - a wand of iceblast (73)
 i - a wand of charming (7)
 l - a wand of digging (13)
 m - a wand of mindburst (16)
 B - a wand of flame (123)
 L - a wand of polymorph (8)
Scrolls
 a - 7 scrolls of fog
 d - 19 scrolls of identify
 j - 8 scrolls of enchant armour
 o - 8 scrolls of magic mapping
 r - 4 scrolls of summoning
 s - 4 scrolls of blinking
 y - 13 scrolls of teleportation
 I - a scroll of amnesia
 O - 3 scrolls of silence
 V - a scroll of fear
Potions
 b - 27 potions of curing
 k - 7 potions of lignification
 n - 8 potions of heal wounds
 p - 3 potions of invisibility
 w - 3 potions of berserk rage
 x - 8 potions of haste
 z - 7 potions of mutation
 E - 3 potions of magic
 F - 3 potions of cancellation
 H - 5 potions of ambrosia
 J - 4 potions of resistance
 N - 3 potions of brilliance
 P - 2 potions of might
Miscellaneous
 Q - a lightning rod (4/4)
 R - a condenser vane (inert)
 S - a tin of tremorstones (2/2)


   Skills:
 + Level 20.7 Fighting
 + Level 21.5 Maces & Flails
 - Level 1.7 Throwing
 + Level 18.9 Armour
 + Level 11.2 Dodging
 + Level 11.9 Shields
 - Level 9.0 Invocations
 - Level 12.0 Evocations


You had 21 spell levels left.
You didn't know any spells.
Your spell library contained the following spells:

 Spells                   Type           Power      Damage    Failure   Level
 Magic Dart               Conj           0%         1d3       80%         1
 Sandblast                Erth           0%         2d4       80%         1
 Summon Small Mammal      Summ           0%         N/A       80%         1
 Call Imp                 Summ           0%         N/A       91%         2
 Passwall                 Tmut/Erth      0%         N/A       91%         2
 Poisonous Vapours        Pois/Air       0%         N/A       91%         2
 Searing Ray              Conj           0%         3d3       91%         2
 Slow                     Hex            0%         N/A       91%         2
 Static Discharge         Conj/Air       0%         N/A       91%         2
 Call Canine Familiar     Summ           0%         N/A       99%         3
 Confusing Touch          Hex            0%         N/A       99%         3
 Conjure Flame            Conj/Fire      0%         6-21      99%         3
 Frozen Ramparts          Ice            0%         1d2       99%         3
 Ignite Poison            Fire/Tmut/Pois 0%         N/A       99%         3
 Mephitic Cloud           Conj/Pois/Air  0%         N/A       99%         3
 Summon Guardian Golem    Hex/Summ       0%         N/A       99%         3
 Vampiric Draining        Necr           0%         2d6       99%         3
 Animate Dead             Necr           0%         N/A       100%        4
 Hailstorm                Conj/Ice       0%         3d3       100%        4
 Ice Form                 Ice/Tmut       0%         N/A       100%        4
 Sticky Flame             Conj/Fire      0%         2d3       100%        4
 Summon Ice Beast         Ice/Summ       0%         N/A       100%        4
 Borgnjor's Vile Clutch   Necr/Erth      0%         N/A       100%        5
 Fireball                 Conj/Fire      0%         3d3       100%        5
 Freezing Cloud           Conj/Ice/Air   0%         6-21      100%        5
 Lee's Rapid Deconstruct  Erth           0%         3d5*      100%        5
 Lightning Bolt           Conj/Air       0%         1d11      100%        5
 Summon Forest            Summ/Tloc      0%         N/A       100%        5
 Summon Mana Viper        Hex/Summ       0%         N/A       100%        5
 Death Channel            Necr           0%         N/A       100%        6
 Shadow Creatures         Summ           N/A        N/A       100%        6
 Simulacrum               Ice/Necr       0%         N/A       100%        6
 Borgnjor's Revivificati  Necr           0%         N/A       100%        8
 Maxwell's Capacitive Co  Air            0%         ∞         100%        8
 Necromutation            Tmut/Necr      0%         N/A       100%        8
 Death's Door             Necr           0%         N/A       100%        9
 Polar Vortex             Ice            0%         N/A       100%        9


Dungeon Overview and Level Annotations

Branches:
Dungeon (15/15)            Temple (1/1) D:7            Lair (6/6) D:8
  Swamp (4/4) Lair:3        Snake (4/4) Lair:3        Slime (0/5) Lair:6
    Orc (2/2) D:11            Elf (3/3) Orc:2        Vaults (4/5) D:14
  Crypt (0/3) Vaults:2     Bailey (visited)         Gauntlet (visited)
 Depths: D:15

Altars:
Ashenzari
Fedhas
Gozag
Hepliaklqana
Kikubaaqudgha
Okawaru
Ru
Uskayaw
Vehumet
Wu Jian
Xom
Yredelemnul
Zin
The Shining One
Beogh
Jiyva

Shops:
D:9 *   D:10 !   D:14 =   Orc:2 (*(!   Elf:1 (*(   Elf:2 (*   Elf:3 =?
Snake:3 =:=   Vaults:2 ?![   Vaults:3 =

Portals:
Abyss: D:10
Trove: D:10 (give +3 gold dragon scales)

Annotations:
D:11 2 transporters, Xaxieg's ghost, journeyman GnSk
D:15 Rupert
Vaults:4 8 runed translucent doors, Nattefrost's ghost, veteran MfGl


Innate Abilities, Weirdness & Mutations

You are immune to sickness and miasma.
Your stone body is resilient. (AC +16)
You are immune to poison.
Your large and strong wings let you fly.
You resist negative energy. (rN+)
You are resistant to electric shocks. (rElec)
You are resistant to unholy torment.
You are immune to petrification.


Message History

The deep elf annihilator gestures wildly while chanting.
The deep elf annihilator blinks!
The deep elf pyromancer is engulfed in freezing vapours.
You kill the deep elf pyromancer!
Okawaru accepts your kill.
The fire elemental disappears in a puff of smoke! x2
The deep elf high priest is engulfed in freezing vapours.
The deep elf high priest calls down the wrath of its god upon you.
Something smites you!
The +3 long sword of holy wrath is engulfed in freezing vapours.
The +3 long sword of holy wrath hits you.
The deep elf annihilator points at you and mumbles some strange words.
The bolt of lightning hits you! You resist.
The deep elf demonologist mumbles some strange words.
The deep elf blademaster is engulfed in freezing vapours.
The deep elf blademaster hits you with a +0 rapier!
The deep elf blademaster hits you but does no damage.
You hear a shout! x2
Unknown command.
Unknown command.
Unknown command.
You closely miss the deep elf blademaster.
The deep elf blademaster is moderately wounded.
The deep elf elementalist is engulfed in freezing vapours.
The deep elf sorcerer is engulfed in freezing vapours.
You block the +3 long sword of holy wrath's attack.
The deep elf annihilator casts a spell at you.
The iron shot hits you.
The deep elf high priest is engulfed in freezing vapours.
The deep elf blademaster is engulfed in freezing vapours.
The deep elf blademaster hits you with a +0 rapier.
The deep elf blademaster hits you with a +0 rapier!
The deep elf high priest is engulfed in freezing vapours.
The deep elf elementalist is engulfed in freezing vapours.
Unknown command.
Unknown command.
The deep elf sorcerer is engulfed in freezing vapours.
The deep elf annihilator casts a spell at you.
The iron shot hits you!!!
You die... e.§§§.## ### .§§§§.### #.. 3§§§§§§.. #.. ee #§§§§§... #.. .... #§§§§.. #.. .e. eeee

#.. #'#######§# #..
###......§e(### #..
#........§§§@.# #..
#........e....# #..
##.............##
###
##...............##
#))
#.......###e......#
#.. #......##
##......# #..
#.....## ##.....#
#.) #.....# #.....#
#.. #.....##
##.....# #..


You could see a deep elf blademaster, 2 deep elf annihilators, a deep elf
sorcerer (fast, empowered), a deep elf elementalist (fast, empowered, repels
missiles), a ynoxinul (summoned) and a +3 long sword of holy wrath.

Vanquished Creatures
  Sojobo (Vaults:4)
  Bai Suzhen (Swamp:4)
  Nikola (Vaults:2)
  A tentacled monstrosity (Swamp:2)
  2 deep elf blademasters (Elf:3)
  7 sphinxes
  Gastronok (Lair:1)
  Agnes (Elf:1)
  2 thorn hunters
  2 tengu reavers (Vaults:4)
  5 nagarajas
  2 fenstrider witches
  8 vault wardens
  An orc warlord (Vaults:1)
  A deep elf sorcerer (Elf:3)
  A deep elf elementalist (Elf:3)
  14 ironbound preservers
  11 very ugly things
  A ghoul (Swamp:2)
  2 war gargoyles
  A deep elf demonologist (Elf:3)
  Nessos (D:14)
  A deep elf annihilator (Elf:3)
  The ghost of braks the Ogreish Aeon, a journeyman OgGl of Cheibriados (D:10)
  A minotaur (Gauntlet)
  2 dire elephants (Vaults:3)
  3 bunyips (Swamp:2)
  An entropy weaver (Vaults:1)
  3 crystal guardians
  2 fire dragons
  2 deep elf death magi
  2 ettins
  2 eleionomae
  A great orb of eyes (Vaults:4)
  3 deep elf high priests
  9 yaktaur captains
  A shambling mangrove (Swamp:4)
  6 salamander tyrants
  6 ironbound thunderhulks
  10 naga warriors
  2 vault guards (Vaults:4)
  A spriggan air mage (Swamp:2)
  2 peacekeepers
  A catoblepas (Lair:6)
  29 hydras
  7 boulder beetles
  10 ironbound frosthearts
  11 centaur warriors
  8 anacondas
  3 death scarabs (Gauntlet)
  A death knight (D:14)
  7 alligators
  7 two-headed ogres
  9 death yaks
  7 ironbound beastmasters
  A thrashing horror (D:10)
  A tengu warrior (D:14)
  26 dancing weapons
  7 naga sharpshooters
  Urug (D:14)
  5 orc high priests
  Sonja (D:12)
  3 shock serpents (Snake:4)
  18 deep elf knights
  5 salamander mystics
  6 goliath frogs
  41 deep trolls
  2 sea snakes (Snake:2)
  A shadow wraith (Vaults:4)
  2 naga ritualists
  8 swamp dragons (Swamp:4)
  5 spriggan druids
  2 phantasmal warriors (Vaults:4)
  19 deep elf archers
  A shadow dragon zombie (Vaults:4)
  12 wizards
  2 bog bodies (Swamp:1)
  9 harpies
  35 deep elf pyromancers
  12 ironbound convokers
  6 lindwurms
  A necromancer (Vaults:4)
  3 mana vipers
  19 deep elf zephyrmancers
  6 orc knights
  A tengu zombie (Vaults:4)
  6 orc sorcerers
  A stone giant zombie (Vaults:4)
  3 cyclopes
  2 spectral boulder beetles (Gauntlet)
  A fire giant zombie (Vaults:4)
  19 salamanders
  11 manticores
  35 ugly things
  4 will-o-the-wisps
  25 black mambas
  16 elephants
  A rust devil (D:10)
  A toenail golem (D:10)
  15 vault sentinels
  Maurice (D:13)
  7 guardian serpents
  13 naga magi
  A torpor snail (Lair:3)
  Maggie (Lair:1)
  18 cane toads
  An unseen horror (D:10)
  A gargoyle (D:12)
  A freezing wraith (D:14)
  9 komodo dragons
  Psyche (D:12)
  4 rime drakes
  20 yaktaurs
  A kobold demonologist (D:13)
  2 tengu conjurers (D:14)
  An efreet (D:14)
  3 trolls
  A bloated husk (Swamp:2)
  9 polar bears (Lair:6)
  11 tyrant leeches
  3 raiju (Lair:6)
  24 slime creatures
  11 dream sheep
  7 hornets
  21 blink frogs
  2 shadows
  An air elemental (Elf:1)
  A yak (shapeshifter) (D:13)
  3 vampires
  6 spriggans
  4 water elementals
  An ettin skeleton (Vaults:4)
  2 wraiths
  Sigmund (D:3)
  2 wyverns
  61 yaks
  15 humans
  8 basilisks
  7 vampire mosquitoes
  3 fire elementals
  7 wargs
  A two-headed ogre zombie (D:11)
  A spectral cane toad (Gauntlet)
  29 nagas
  16 swamp worms
  An acid dragon (D:11)
  14 water moccasins
  19 hell hounds
  Duvessa (D:5)
  A hornet zombie (D:8)
  10 swamp drakes
  12 black bears
  28 orc warriors
  A sky beast (D:5)
  An ice beast (D:7)
  A black bear (shapeshifter) (Vaults:1)
  2 necrophages
  23 wolves
  9 ogres
  11 centaurs
  4 boggarts (Vaults:2)
  4 phantoms
  2 kobold brigands
  6 earth elementals
  11 bullfrogs
  A water moccasin zombie (D:5)
  3 scorpions
  A wyvern skeleton (D:5)
  Dowan (D:5)
  A troll zombie (D:11)
  5 howler monkeys
  9 wights
  14 electric eels
  2 centaur zombies
  A bullfrog zombie (D:3)
  3 hounds
  3 jellies
  A centaur skeleton (D:7)
  14 orc priests
  A gnoll shaman (D:9)
  6 iguanas
  Ijyb (D:2)
  13 orc wizards
  4 hell rats
  6 ogre zombies (D:11)
  6 adders
  14 gnolls
  2 river rats (D:8)
  A white imp (D:5)
  2 worms (D:2)
  A dart slug (D:4)
  61 orcs
  7 ball pythons
  7 endoplasms
  3 giant cockroaches
  7 goblins
  7 hobgoblins
  10 jackals
  6 quokkas
  3 frilled lizards
  A goblin skeleton (D:11)
  2 goblin zombies (D:11)
  A hobgoblin skeleton (D:11)
  2 hobgoblin zombies (D:11)
  22 kobolds
  6 orc skeletons (D:11)
  13 orc zombies (D:11)
  9 rats
  4 briar patches
1420 creatures vanquished.

Vanquished Creatures (collateral kills)
  2 dire elephants (Vaults:2)
  A yaktaur captain (Vaults:2)
  A phantasmal warrior (Vaults:2)
  A lindwurm (Vaults:2)
5 creatures vanquished.

Vanquished Creatures (others)
  A spriggan (Swamp:1)
  2 wizards
  A deep elf pyromancer (Elf:2)
  3 deep elf zephyrmancers
  A will-o-the-wisp (Swamp:1)
  A guardian serpent (Snake:2)
  A hornet (Swamp:1)
  2 bloated husks
  A human (D:14)
  A naga (Snake:3)
  A swamp worm (Swamp:1)
  2 swamp drakes (Swamp:1)
  An orc warrior (D:10)
  2 orc wizards (Orc:2)
  A demonic plant (Gauntlet)
  32 foxfires
  40 fungi
  121 plants
  16 withered plants (Gauntlet)
230 creatures vanquished.

Grand Total: 1655 creatures vanquished

Notes
Turn   | Place    | Note
-------+----------+-------------------------------------------
     0 | D:1      | inmateoo the Gargoyle Gladiator began the quest for the
                  | Orb.
     0 | D:1      | Reached XP level 1. HP: 12/12 MP: 1/1
   477 | D:1      | Reached XP level 2. HP: 12/18 MP: 2/2
   626 | D:1      | Found a faded altar of an unknown god.
  1289 | D:1      | Reached skill level 1 in Armour
  1740 | D:2      | Reached XP level 3. HP: 22/22 MP: 3/3
  2409 | D:2      | Reached skill level 4 in Maces & Flails
  2409 | D:2      | Reached XP level 4. HP: 25/27 MP: 4/4
  2618 | D:3      | Noticed Sigmund
  2839 | D:3      | Noticed Ijyb
  2859 | D:2      | Killed Ijyb
  2860 | D:2      | Reached XP level 5. HP: 25/32 MP: 5/5
  3438 | D:3      | Killed Sigmund
  3439 | D:3      | Reached skill level 5 in Maces & Flails
  3439 | D:3      | Reached XP level 6. HP: 32/38 MP: 6/6
  4418 | D:4      | Reached XP level 7. HP: 44/44 MP: 7/7
  4728 | D:4      | Reached skill level 6 in Maces & Flails
  5374 | D:5      | Entered Level 5 of the Dungeon
  5876 | D:4      | Reached skill level 5 in Fighting
  6094 | D:5      | Noticed a yak
  6094 | D:5      | Noticed a yak
  6095 | D:5      | Noticed a yak
  6134 | D:4      | Killed a yak
  6135 | D:4      | Reached skill level 7 in Maces & Flails
  6135 | D:4      | Reached XP level 8. HP: 50/50 MP: 8/8
  6183 | D:4      | Killed a yak
  6286 | D:5      | Killed a yak
  6287 | D:5      | Reached skill level 8 in Maces & Flails
  6662 | D:5      | Identified the ring of the Firefly {rElec rF+++ rN+++ Will-
                  | MP+9 Str-3}
  6814 | D:5      | Reached skill level 9 in Maces & Flails
  6814 | D:5      | Noticed Dowan
  7035 | D:5      | Killed Dowan
  7036 | D:5      | Reached XP level 9. HP: 53/56 MP: 9/9
  7070 | D:5      | Noticed Duvessa
  7096 | D:5      | Killed Duvessa
  7435 | D:6      | Identified a scroll of acquirement
  7435 | D:6      | Acquired a manual of Armour
  8316 | D:6      | Reached skill level 5 in Armour
  8423 | D:7      | Reached skill level 10 in Maces & Flails
  8828 | D:7      | Found a staircase to the Ecumenical Temple.
  8837 | Temple   | Entered the Ecumenical Temple
  8865 | Temple   | Became a worshipper of Warmaster Okawaru
  9018 | D:7      | Identified the +5 hand axe of Insufficient Pleasure {holy,
                  | Will- rCorr Int+3}
  9509 | D:8      | Noticed a death yak
  9511 | D:8      | Found a staircase to the Lair.
  9511 | D:8      | Noticed a death yak
  9511 | D:8      | Noticed a death yak
 10469 | D:8      | Reached XP level 10. HP: 59/65 MP: 10/10
 10560 | D:8      | Reached * piety under Okawaru
 10745 | D:6      | Killed a death yak
 10746 | D:6      | Reached skill level 1 in Invocations
 11033 | D:8      | Reached ** piety under Okawaru
 11034 | D:8      | Reached skill level 10 in Fighting
 11124 | D:8      | Acquired 546 gold pieces
 11146 | D:7      | Killed a death yak
 11863 | D:8      | Reached *** piety under Okawaru
 11922 | D:8      | Reached XP level 11. HP: 60/73 MP: 13/13
 12039 | D:9      | Reached skill level 5 in Dodging
 12224 | D:9      | Reached skill level 10 in Armour
 12296 | D:9      | Found Towaol's Assorted Antiques.
 12304 | D:9      | Bought an ancient kite shield for 294 gold pieces
 12304 | D:9      | Identified the +0 kite shield of the Devil's Advocate
                  | {Will+ Str+2} (You bought it in a shop on level 9 of the
                  | Dungeon)
 12355 | D:9      | Found a flagged portal.
 12386 | Bailey   | Entered a bailey
 12583 | Bailey   | Reached **** piety under Okawaru
 12672 | Bailey   | Noticed an orc knight
 12875 | Bailey   | Killed an orc knight
 12876 | Bailey   | Reached skill level 1 in Shields
 13214 | D:9      | Bought a scroll of identify for 62 gold pieces
 13214 | D:9      | Bought a scroll of enchant armour for 232 gold pieces
 13214 | D:9      | Bought a potion of heal wounds for 155 gold pieces
 13214 | D:9      | Bought a sapphire potion for 27 gold pieces
 13529 | D:10     | Entered Level 10 of the Dungeon
 13554 | D:10     | Reached skill level 5 in Invocations
 13818 | D:10     | Found a one-way gate to the infinite horrors of the Abyss.
 13818 | D:10     | Noticed braks's ghost (journeyman OgGl)
 13818 | D:10     | Noticed a wizard
 13829 | D:10     | Found a transporter.
 13842 | D:10     | Noticed a thrashing horror
 13866 | D:10     | Found a transporter.
 14144 | D:10     | Found a portal to a secret trove of treasure.
 14265 | D:10     | Found Asulypus's Distillery.
 14271 | D:10     | Bought a potion of heal wounds for 70 gold pieces
 14271 | D:10     | Bought a potion of resistance for 140 gold pieces
 14386 | D:10     | Found an opulent altar of Gozag.
 14509 | D:10     | Found a radiant altar of Vehumet.
 14994 | D:11     | Found a transporter.
 15010 | D:11     | Found a transporter.
 15012 | D:11     | Noticed Xaxieg's ghost (journeyman GnSk)
 15047 | D:11     | Noticed a two-headed ogre
 15063 | D:11     | Killed a two-headed ogre
 15264 | D:11     | Found a staircase to the Orcish Mines.
 15289 | D:11     | Reached ***** piety under Okawaru
 15781 | D:12     | Noticed a manticore
 15789 | D:12     | Killed a manticore
 15960 | D:12     | Noticed Sonja
 15964 | D:12     | Noticed a two-headed ogre
 15971 | D:12     | Killed Sonja
 15971 | D:12     | Received a gift from Okawaru
 15972 | D:12     | Reached XP level 12. HP: 82/82 MP: 16/16
 15974 | D:12     | Noticed a two-headed ogre
 15977 | D:12     | Killed a two-headed ogre
 15977 | D:12     | Noticed a two-headed ogre
 15988 | D:12     | Killed a two-headed ogre
 15989 | D:12     | Reached skill level 5 in Shields
 15997 | D:12     | Killed a two-headed ogre
 16233 | D:12     | Noticed a centaur warrior
 16250 | D:12     | Killed a centaur warrior
 16543 | D:12     | Noticed Psyche
 16548 | D:12     | Killed Psyche
 17156 | D:13     | Noticed a centaur warrior
 17167 | D:13     | Killed a centaur warrior
 17264 | D:13     | Noticed a centaur warrior
 17273 | D:13     | Killed a centaur warrior
 17273 | D:13     | Received a gift from Okawaru
 17317 | D:13     | Reached ****** piety under Okawaru
 17539 | D:13     | Noticed Maurice
 17622 | D:13     | Found an opulent altar of Gozag.
 17659 | D:13     | Killed Maurice
 17660 | D:13     | Reached skill level 15 in Fighting
 17707 | D:13     | Noticed a four-headed hydra
 17719 | D:13     | Killed a four-headed hydra
 18104 | D:14     | Noticed a centaur warrior
 18111 | D:14     | Received a gift from Okawaru
 18130 | D:14     | Reached XP level 13. HP: 84/92 MP: 17/19
 18454 | D:14     | Reached skill level 1 in Evocations
 18552 | D:14     | Noticed Urug
 18587 | D:14     | Killed Urug
 18631 | D:14     | Noticed Nessos
 18645 | D:14     | Killed Nessos
 18649 | D:14     | Found a gate to the Vaults.
 18658 | D:14     | Received a gift from Okawaru
 18852 | D:14     | Found Kusemimn's Jewellery Boutique.
 18875 | D:14     | Found an ancient bone altar of Kikubaaqudgha.
 19350 | D:14     | Received a gift from Okawaru
 19465 | D:14     | Noticed a fire dragon
 19483 | D:14     | Gained mutation: Your large and strong wings let you fly.
                  | [Gargoyle growth]
 19483 | D:14     | Reached XP level 14. HP: 61/98 MP: 20/20
 19505 | D:14     | Reached skill level 11 in Maces & Flails
 19720 | D:15     | Entered Level 15 of the Dungeon
 19751 | D:15     | Noticed Rupert
 19883 | Lair:1   | Entered Level 1 of the Lair of Beasts
 19957 | Lair:1   | Noticed Maggie
 19974 | Lair:1   | Killed Maggie
 20005 | Lair:1   | Noticed Gastronok
 20051 | Lair:1   | Received a gift from Okawaru
 20319 | Lair:1   | Reached skill level 5 in Evocations
 20367 | Lair:1   | Killed Gastronok
 20739 | Lair:2   | Found a gate leading to a gauntlet.
 20751 | Gauntlet | Entered a Gauntlet
 20751 | Gauntlet | Found a transporter.
 20751 | Gauntlet | Found a transporter.
 20764 | Gauntlet | Found a transporter.
 20782 | Gauntlet | Found a transporter.
 20782 | Gauntlet | Found a transporter.
 20782 | Gauntlet | Found a transporter.
 20785 | Gauntlet | Found a transporter.
 20785 | Gauntlet | Found a transporter.
 20797 | Gauntlet | Found a transporter.
 20813 | Gauntlet | Noticed a dire elephant
 20815 | Gauntlet | Found a transporter.
 20825 | Gauntlet | Found a transporter.
 20840 | Gauntlet | Found a transporter.
 20860 | Gauntlet | Found a transporter.
 20873 | Gauntlet | Found a transporter.
 20940 | Gauntlet | Identified the ring of Haqyiklo {Fly rElec rF- Int+3
                  | Stlth+}
 21026 | Gauntlet | Identified the ring "Liokk" {rPois rC- rCorr Str+4 Dex+3}
 21089 | Gauntlet | Reached skill level 12 in Maces & Flails
 21089 | Gauntlet | Reached XP level 15. HP: 104/104 MP: 21/21
 21150 | Lair:2   | Reached skill level 13 in Maces & Flails
 21192 | Lair:2   | Identified the +8 glaive "Oremeap" {vorpal, rPois SInv}
                  | (Okawaru gifted it to you on level 2 of the Lair of Beasts)
 21192 | Lair:2   | Received a gift from Okawaru
 21209 | Lair:2   | Identified the +6 chain mail of Shielding {Regen+}
 21259 | Lair:2   | Acquired 1101 gold pieces
 22007 | Lair:3   | Found a staircase to the Snake Pit.
 22215 | Lair:3   | Received a gift from Okawaru
 22437 | Lair:3   | Reached XP level 16. HP: 62/110 MP: 22/22
 22467 | Lair:3   | Found a staircase to the Swamp.
 22833 | Lair:4   | Reached skill level 14 in Maces & Flails
 23622 | Lair:4   | Received a gift from Okawaru
 23640 | Lair:4   | Acquired a +5 demon whip of venom
 23940 | Lair:5   | Found the +0 mask of the Dragon {Will+ Slay+3 SInv}
 24680 | Lair:5   | Identified the ring of Spontaneous Combustion {Ice Will+}
 25116 | Lair:6   | Entered Level 6 of the Lair of Beasts
 25240 | Lair:6   | Reached skill level 10 in Shields
 25455 | Lair:6   | Received a gift from Okawaru
 25679 | Lair:6   | Found a staircase to the Slime Pits.
 25679 | Lair:6   | Found a viscous altar of Jiyva.
 25793 | Lair:6   | Reached skill level 15 in Maces & Flails
 25982 | Lair:6   | Identified the +1 ring mail of Daciamef {Int+5}
 26754 | D:10     | Killed braks's ghost
 26926 | Orc:1    | Entered Level 1 of the Orcish Mines
 26988 | Orc:1    | Reached XP level 17. HP: 106/117 MP: 23/23
 27253 | Orc:1    | You are sucked into a shaft and drop 1 floor!
 27253 | Orc:2    | Entered Level 2 of the Orcish Mines
 27253 | Orc:2    | Found a staircase to the Elven Halls.
 28081 | Orc:2    | Found Zoceek's Distillery.
 28298 | Orc:2    | Found Hesinic's General Store.
 28303 | Orc:2    | Bought a potion of heal wounds for 65 gold pieces
 28303 | Orc:2    | Bought a potion of haste for 130 gold pieces
 28303 | Orc:2    | Bought a potion of might for 52 gold pieces
 28303 | Orc:2    | Bought a potion of curing for 39 gold pieces
 28306 | Orc:2    | Bought 3 scrolls of enchant armour for 292 gold pieces
 28306 | Orc:2    | Bought a potion of mutation for 104 gold pieces
 28306 | Orc:2    | Found Dezxiesch's Weapon Shop.
 28308 | Orc:2    | Found Vutigg's Antique Weapon Emporium.
 28386 | D:10     | Bought a potion of curing for 42 gold pieces
 28386 | D:10     | Bought a potion of might for 56 gold pieces
 28386 | D:10     | Bought a potion of curing for 42 gold pieces
 28533 | Swamp:1  | Entered Level 1 of the Swamp
 28576 | Swamp:1  | Received a gift from Okawaru
 28695 | Swamp:1  | Reached skill level 16 in Maces & Flails
 28955 | Swamp:1  | Reached skill level 15 in Armour
 28991 | Swamp:1  | Received a gift from Okawaru
 29268 | Snake:1  | Entered Level 1 of the Snake Pit
 29468 | Snake:1  | Identified the +7 hunting sling "Cirheuti" {flame, SInv}
 29480 | Snake:1  | You are sucked into a shaft and drop 1 floor!
 29859 | Snake:2  | Found a hide-covered altar of Uskayaw.
 31276 | Snake:3  | Identified the +1 robe of the Shore {Str+4} (Okawaru gifted
                  | it to you on level 3 of the Snake Pit)
 31276 | Snake:3  | Received a gift from Okawaru
 31976 | Snake:3  | Found Kiuggi's Jewellery Boutique.
 31977 | Snake:3  | Found Decvuoq's Book Shoppe.
 31978 | Snake:3  | Found Qodghyof's Jewellery Boutique.
 32003 | Snake:3  | Bought a manual of Maces & Flails for 1200 gold pieces
 32518 | Snake:4  | Entered Level 4 of the Snake Pit
 32585 | Snake:4  | Reached XP level 18. HP: 97/124 MP: 24/24
 32744 | Snake:4  | Reached skill level 17 in Maces & Flails
 32927 | Snake:4  | Identified the +8 morningstar "Nydgh" {drain, Int+4 SInv
                  | Stlth+} (Okawaru gifted it to you on level 4 of the Snake
                  | Pit)
 32927 | Snake:4  | Received a gift from Okawaru
 33065 | Snake:3  | Acquired 1022 gold pieces
 33662 | Snake:4  | Received a gift from Okawaru
 33854 | Snake:4  | Got a serpentine rune of Zot
 34132 | Vaults:1 | Entered Level 1 of the Vaults
 34234 | Vaults:1 | Reached skill level 18 in Maces & Flails
 34480 | Vaults:1 | Received a gift from Okawaru
 34716 | Vaults:1 | Found the +4 moon troll leather armour {Spirit, Regen++
                  | MP+5}
 34854 | Vaults:1 | Received a gift from Okawaru
 34855 | Vaults:1 | Reached XP level 19. HP: 96/130 MP: 25/25
 36179 | Vaults:2 | Reached skill level 19 in Maces & Flails
 36317 | Vaults:2 | You are sucked into a shaft and drop 1 floor!
 36329 | Vaults:3 | Got Bysh's Incunabulum of Harmful Poison
 36449 | Vaults:2 | Found a staircase to the Crypt.
 36449 | Vaults:2 | Found an ancient bone altar of Kikubaaqudgha.
 36449 | Vaults:2 | Found a basalt altar of Yredelemnul.
 36485 | Vaults:2 | Noticed Nikola
 36504 | Vaults:2 | Killed Nikola
 36645 | Vaults:2 | Found Rimul's Magic Scroll Shoppe.
 36653 | Vaults:2 | Bought a scroll of enchant armour for 142 gold pieces
 36653 | Vaults:2 | Bought a scroll of teleportation for 57 gold pieces
 36653 | Vaults:2 | Bought a scroll of magic mapping for 66 gold pieces
 37053 | Vaults:2 | Received a gift from Okawaru
 37054 | Vaults:2 | Reached skill level 10 in Evocations
 37323 | Vaults:2 | Found Feyth's Antique Armour Emporium.
 37417 | Vaults:2 | Found Lowe's Distillery.
 37433 | Vaults:2 | Bought 2 potions of heal wounds for 160 gold pieces
 37433 | Vaults:2 | Bought a potion of haste for 160 gold pieces
 37433 | Vaults:2 | Bought a potion of haste for 160 gold pieces
 37433 | Vaults:2 | Bought a potion of curing for 48 gold pieces
 37433 | Vaults:2 | Bought a potion of curing for 48 gold pieces
 37990 | Vaults:3 | Found Hirr's Jewellery Emporium.
 38028 | Vaults:3 | Reached XP level 20. HP: 103/137 MP: 26/26
 38087 | Vaults:3 | Reached skill level 20 in Maces & Flails
 38427 | Vaults:2 | Received a gift from Okawaru
 39346 | Vaults:4 | Noticed Sojobo
 39352 | Vaults:4 | Paralysed by an air elemental for 1 turns
 39536 | Vaults:4 | Reached skill level 10 in Dodging
 39593 | Vaults:4 | Paralysed by an air elemental for 1 turns
 39597 | Vaults:4 | Killed Sojobo
 39597 | Vaults:4 | Received a gift from Okawaru
 39705 | Vaults:4 | Found a large runed translucent door.
 39705 | Vaults:4 | Found a large runed translucent door.
 39705 | Vaults:4 | Found a large runed translucent door.
 39705 | Vaults:4 | Found a large runed translucent door.
 39705 | Vaults:4 | Found a large runed translucent door.
 39705 | Vaults:4 | Found a large runed translucent door.
 39705 | Vaults:4 | Found a large runed translucent door.
 39705 | Vaults:4 | Found a large runed translucent door.
 39705 | Vaults:4 | Noticed Nattefrost's ghost (veteran MfGl)
 39892 | Vaults:4 | Reached XP level 21. HP: 113/144 MP: 27/27
 41032 | Swamp:1  | Reached skill level 21 in Maces & Flails
 41751 | Swamp:3  | Received a gift from Okawaru
 41752 | Swamp:3  | Found the +3 pair of seven-league boots {Rampage+∞}
 42183 | Swamp:3  | Identified the ring of Gemal {rElec rN+ rCorr Str+2}
 42523 | Swamp:4  | Entered Level 4 of the Swamp
 42523 | Swamp:4  | Noticed Bai Suzhen
 42538 | Swamp:4  | Killed Bai Suzhen
 42976 | Swamp:4  | Got a decaying rune of Zot
 43577 | Elf:1    | Entered Level 1 of the Elven Halls
 43589 | Elf:1    | Noticed Agnes
 43598 | Elf:1    | Killed Agnes
 43652 | Elf:1    | Received a gift from Okawaru
 43838 | Elf:1    | Found Teoschy's Antique Weapon Emporium.
 43862 | Elf:1    | Found Lummyck's General Store.
 43889 | Elf:1    | Bought a potion of resistance for 180 gold pieces
 43889 | Elf:1    | Bought a scroll of teleportation for 54 gold pieces
 43899 | Elf:1    | Paralysed by an air elemental for 1 turns
 44145 | Elf:1    | Found Zyneblua's Weapon Boutique.
 44179 | Elf:1    | Reached XP level 22. HP: 152/152 MP: 28/28
 44694 | Elf:2    | Found a huge runed translucent gate.
 44694 | Elf:2    | Found a huge runed translucent gate.
 44694 | Elf:2    | Found a huge runed translucent gate.
 44694 | Elf:2    | Found a huge runed translucent gate.
 44695 | Elf:2    | Found a huge runed translucent gate.
 44715 | Elf:2    | Found Weneypnos's Assorted Antiques.
 44715 | Elf:2    | Found Bubust's Weapon Shoppe.
 44781 | Elf:2    | Bought a potion of curing for 114 gold pieces
 44781 | Elf:2    | Bought a potion of curing for 114 gold pieces
 44781 | Elf:2    | Bought a potion of mutation for 304 gold pieces
 45056 | Elf:2    | Received a gift from Okawaru
 45981 | Elf:3    | Entered Level 3 of the Elven Halls
 46115 | Elf:3    | Found Yrithon's Jewellery Emporium.
 46214 | Elf:3    | Received a gift from Okawaru
 46411 | Elf:3    | Found Meoloin's Magic Scroll Emporium.
 46417 | Elf:3    | Bought a scroll of teleportation for 57 gold pieces
 46417 | Elf:3    | Bought a scroll of teleportation for 57 gold pieces
 47116 | Elf:3    | Identified the +4 dagger of Gluttony {flame, +Blink rElec
                  | rN+ Int-4}
 47119 | Elf:3    | Killed from afar by a deep elf annihilator

Illustrated notes

Levels and vault maps discovered:
D:1:      erik_arrival_cave_to_civilisation [erik_arrival_cave_to_hall],
          layout_loops_corners, dilly_ecumenical_altar_fadedgnrine
D:2:      layout_loops_ring
D:3:      layout_loops_cross, corner_web_ring, minmay_tree_intersection,
          hangedman_decor_riveting, uniq_ijyb, uniq_sigmund
D:4:      layout_cave_pods, hangedman_abyss_or_decor_lesser_grid,
          due_unseen_surprise
D:5:      layout_rooms, uniq_duvessa
D:6:      layout_basic
D:7:      layout_gridville, minmay_temple_entry_junction, serial_bayou,
          serial_bayou_pond_d, serial_bayou_lagoon_b, serial_bayou_pond_e,
          serial_bayou_shore_a
D:8:      layout_rooms, dpeg_lair_monsters, abandoned_shop
D:9:      layout_rooms, serial_bayou, serial_bayou_lagoon_a,
          serial_bayou_shore_b, serial_bayou_shore_b, serial_bayou_crossing,
          serial_bayou_pond_e, serial_bayou_pond_d, enter_bailey_4,
          serial_shops, shop
D:10:     layout_stronghold, mainiacjoe_overflow_alcove_4,
          gammafunk_ghost_abyssal_escape, serial_shops, shop,
          nicolae_trove_entry_free_sample, chequers_big_river,
          kennysheep_flooded_box, dk_noncrumbling_3
D:11:     layout_roguey, zombieorc2_lemuel, gammafunk_ghost_stat_death
D:12:     layout_loops_cross, uniq_sonja, uniq_psyche
D:13:     layout_basic, grunt_gozag_breadcrumbs, uniq_maurice
D:14:     layout_loops_ring, david_vaults_3, serial_shops, shop,
          kiku_gazebo_pond_becter, minmay_misc_feat_roman,
          kennysheep_kite_vault, uniq_nessos
D:15:     grunt_enter_depths_hoard, layout_small_grid, minmay_crystal_water,
          nicolae_lava_and_water, minivault_28, uniq_louise, uniq_rupert
Temple:   compressed_dpeg_circular_temple
Lair:1:   layout_hall_layers, chequers_serial_rivers_micro_e, uniq_gastronok,
          uniq_maggie
Lair:2:   layout_regular_city, gauntlet_entry_generic,
          chequers_serial_rivers_micro_a, serial_bayou_shore_b
Lair:3:   layout_misc_corridors, palyth_hydra_swamp_entry, dummy_snake_entry,
          beast_lair_carwin_9, uniq_urug
Lair:4:   layout_cave_pods, serial_forest, infiniplex_forest_end_2,
          infiniplex_forest_straight_3, infiniplex_forest_lined_room_,
          infiniplex_forest_end_1, minmay_shattered_shrine,
          infiniplex_staircase_pool
Lair:5:   wad_woods_structure_01, layout_regular_city, st_stairs_5
Lair:6:   hangedman_lair_caniforms_friends, layout_layer_cave, slime_altar_1
Swamp:1:  layout_falls_marsh, hangedman_swamp_ruin_wall, swamp_pool5
Swamp:2:  layout_falls_marsh, serial_swamp_ruin, evilmike_swamp_ruin_rubble_2,
          evilmike_swamp_ruin_house_2, swamp_pool1,
          nicolae_swamp_very_dense_foliage
Swamp:3:  layout_falls_marsh, evilmike_swamp_ruin_house_3
Swamp:4:  swamp, layout_basic_swamp, uniq_bai_suzhen
Snake:1:  layout_misc_corridors
Snake:2:  layout_onion_interference, basic_altar, nicolae_snake_snake_lake,
          grunt_megastairs_5
Snake:3:  layout_chambers, minmay_shop_grove, grunt_megastairs_4
Snake:4:  grunt_snake_rune_pools, layout_misc_corridors, nicolae_snake_lava_pool
Orc:1:    layout_caves, lemuel_statue_altar
Orc:2:    st_orc_elflike, layout_caves, basic_altar
Elf:1:    layout_onion_city, serial_shops, shop, shop, nicolae_shop_trees,
          kennysheep_underground_church, minmay_misc_feat_diagonals, uniq_agnes
Elf:2:    elven_hall_of_blades_hangedman_alternative
          [nicolae_blade_entry_floor_patterns], layout_loops_corners,
          special_room [special_room_mythical_zoo], minmay_shoptagon
Elf:3:    nooodl_elf_gasket, layout_geoelf_castle, serial_shops,
          nicolae_shop_waterfront, shop
Vaults:1: v_pattern_2, nicolae_vaults_what_the_h, v_misc_30, v_alt_pattern_4,
          nicolae_vaults_three_branches, vaults_dpeg_ring, v_alt_pattern_5,
          ontoclasm_vaults_ring_large, nicolae_vaults_little_squares_4,
          nicolae_vaults_rhombus_5, nicolae_vaults_mini_display_case,
          layout_vaults_chaotic_city
Vaults:2: nicolae_vaults_theta, dpeg_vaults_monster_row,
          minmay_crypt_entry_necro_gods, hangedman_vaults_stagger, st_cross,
          v_misc_15, vaults_dpeg_cross, v_misc_14, v_pattern_3,
          vaults_mumra_hexcomb, vaults_dpeg_encased_lava, v_misc_5,
          layout_vaults_maze_snakey, serial_shops, nicolae_shop_statue_plus,
          shop, shop, uniq_nikola
Vaults:3: grunt_vaults_diagonal, grunt_vaults_funnel, ontoclasm_vaults_shuriken,
          vaults_standard_mumra_enter_the_diamond, v_misc_5, vaults_room_pool,
          v_rooms_5, grunt_vaults_hallway_long, nicolae_vaults_gold_heap,
          vaults_room_hallway, layout_vaults_omnicross, serial_shops,
          shop_coins, uniq_margery
Vaults:4: advil_vaults_ghost_lines, hangedman_vaults_stretched_pinwheel,
          v_rooms_5, v_misc_3, vaults_room_hallway, vaults_mumra_minichess,
          nicolae_vaults_border_crossing, vaults_room_octagon,
          hangedman_vaults_corner, v_misc_10, st_spiral_rooms,
          layout_vaults_ring, uniq_sojobo

Skill      XL: |  1  2  3  4  5  6  7  8  9 10 11 12 13 14 15 16 17 18 19 20 21 22 |
---------------+-------------------------------------------------------------------+-----
Armour         | 1 2 3 4 7 9 10 12 13 14 15 16 17 18 | 18.9
Maces & Flails | 4 5 7 9 10 12 13 15 16 18 19 20 21 | 21.5
Fighting       | 3 4 5 6 8 10 12 15 16 17 18 19 20 | 20.7
Dodging        | 3 4 5 6 7 8 9 10 11 | 11.2
Invocations    | 3 6 8 9 |  9.0
Shields        | 4 5 7 9 10 11 | 11.9
Evocations     | 4 5 6 8 10 12 | 12.0
Throwing       | |  1.7

Action                   |  1- 3 |  4- 6 |  7- 9 | 10-12 | 13-15 | 16-18 | 19-21 | 22-24 || total
-------------------------+-------+-------+-------+-------+-------+-------+-------+-------++-------
Melee: Flail             |   103 |   100 |   290 |    22 |       |       |       |       ||   515
       Whip              |       |       |   138 |   821 |   336 |       |       |       ||  1295
       Eveningstar       |       |       |       |       |   565 |   278 |       |       ||   843
       Demon whip        |       |       |       |       |       |  1510 |       |       ||  1510
       Morningstar       |       |       |       |       |       |   410 |  1577 |   590 ||  2577
Throw: Throwing net      |       |     2 |       |       |     1 |     1 |       |       ||     4
       Dart              |       |       |     8 |       |       |       |       |       ||     8
       Boomerang         |       |       |       |   111 |       |       |       |       ||   111
Invok: Heroism           |       |       |       |     2 |     4 |     1 |       |       ||     7
Evoke: Wand              |       |       |     2 |    20 |     7 |       |     5 |       ||    34
       Tin of tremorston |       |       |       |       |       |       |     2 |       ||     2
       Condenser vane    |       |       |       |       |       |       |     2 |     1 ||     3
  Use: Scroll            |     4 |     4 |     8 |     8 |     6 |     8 |     9 |     1 ||    48
       Potion            |       |       |       |       |     7 |     1 |     1 |       ||     9
 Stab: Invisible         |       |       |     1 |       |     2 |       |       |       ||     3
       Petrified         |       |       |       |       |       |    16 |       |       ||    16
       Confused          |       |       |       |       |       |     1 |       |       ||     1
       Distracted        |       |       |       |       |       |       |     1 |       ||     1
Armor: Ring mail         |    55 |    41 |   211 |    67 |       |       |       |       ||   374
       Plate armour      |       |       |       |   323 |   388 |       |       |       ||   711
       Chain mail        |       |       |       |       |   279 |  1275 |  1182 |   394 ||  3130
Dodge: Dodged            |    70 |    49 |   221 |   207 |   339 |   792 |   659 |   228 ||  2565
Block: Kite shield       |       |       |       |   371 |   579 |  1394 |   988 |   371 ||  3703
       Reflection        |       |       |       |    18 |       |       |       |       ||    18
       Other             |       |       |       |     6 |       |       |       |       ||     6
